 Dungeon Crawl Stone Soup version 0.30.0-5-g1a98f26d00 (webtiles) character file.

Game seed: 2383699734808441441

36 AlmostDecent the Trooper (level 3, -3/29 HPs)
             Began as a Demonspawn Fighter on May 10, 2023.
             Slain by a gnoll
             ... wielding a +0 flail
              (8 damage)
             ... on level 2 of the Dungeon.
             The game lasted 00:02:14 (1011 turns).

AlmostDecent the Trooper (Demonspawn Fighter)       Turns: 1011, Time: 00:02:15

Health: -3/29      AC:  7    Str: 18    XL:     3   Next: 19%
Magic:  3/3        EV:  9    Int:  9    God:
Gold:   14         SH:  4    Dex: 12    Spells: 2/2 levels left

rFire   . . .        a - +0 war axe
rCold   . . .        c - +0 buckler
rNeg    . . .        b - +0 scale mail
rPois   .            (no helmet)
rElec   .            (no cloak)
rCorr   .            (no gloves)
SInv    .            j - +0 pair of boots
Will    .....        (no amulet) Stlth
                     (no ring)
HPRegen 0.24/turn    (no ring)
MPRegen 0.08/turn

%: no passive effects
@: mighty
A: powered by pain 1
a: no special abilities


You were on level 2 of the Dungeon.
You visited 1 branch of the dungeon, and saw 2 of its levels.

You collected 14 gold pieces.

Inventory:

Hand Weapons
 a - a +0 war axe (weapon)
Armour
 b - a +0 scale mail (worn)
 c - a +0 buckler (worn)
 j - a +0 pair of boots (worn)
Potions
 e - 2 potions of heal wounds {unknown}
 f - a potion of brilliance {unknown}
 g - a potion of curing {unknown}
 h - a potion of attraction {unknown}
 i - a potion of haste {unknown}


   Skills:
 + Level 3.4 Fighting
 * Level 3.0 Axes
 - Level 2.6 Armour
 - Level 2.6 Shields


You had 2 spell levels left.
You didn't know any spells.
Your spell library was empty.

Dungeon Overview and Level Annotations

Branches:
Dungeon (2/15)

Altars:


Innate Abilities, Weirdness & Mutations

You sometimes gain a little power by taking damage.


Message History

The frilled lizard bites you but does no damage.
The gnoll hits you from afar with a +0 spear.
You miss the frilled lizard.
A gnoll comes into view. It is wielding a +0 flail.
The frilled lizard barely misses you.
The gnoll hits you from afar with a +0 spear.
The frilled lizard bites you but does no damage.
The gnoll hits you from afar with a +0 spear.
The gnoll moves out of view.
You feel very mighty all of a sudden. You block the frilled lizard's attack.
You block the gnoll's attack.
The frilled lizard attacks as you move away!
The frilled lizard misses you. The gnoll hits you but does no damage.
You completely miss the gnoll. You closely miss the frilled lizard.
The frilled lizard bites you but does no damage.
The gnoll hits you with a +0 spear.
* * * LOW HITPOINT WARNING * * *
You slash the gnoll!
You kill the gnoll!
You miss the frilled lizard.
The frilled lizard bites you but does no damage.
The frilled lizard barely misses you.
Your Axes skill increases to level 3!
You have reached level 3!
Your experience leads to an increase in your attributes!
Increase (S)trength, (I)ntelligence, or (D)exterity?
You feel stronger. x2
You barely miss the frilled lizard. The frilled lizard bites you.
* * * LOW HITPOINT WARNING * * *
You barely miss the frilled lizard. The frilled lizard bites you.
* * * LOW HITPOINT WARNING * * *
You barely miss the frilled lizard.
The frilled lizard bites you but does no damage.
The frilled lizard barely misses you.
You barely miss the frilled lizard.
The frilled lizard unfolds its giant frill.
The frilled lizard bites you but does no damage.
You barely miss the gnoll. You miss the frilled lizard.
The gnoll hits you with a +0 flail!
You die...

#.# #.# #.#
#.####<#########
.........)...>...
##.#####.########
## #.# #.# ####..
#.# ###.######
....(.##)#
#........#
#....l@###.#.####.#
##...g.....#.#
##$.#######.# .....
#.# .....?# #.#
...... #.# ##..#.
#.# #.#. .. .


You could see a gnoll and a frilled lizard.

Vanquished Creatures
  A gnoll (D:2)
  A dart slug (D:1)
  3 endoplasms (D:1)
  2 goblins (D:1)
  3 hobgoblins (D:1)
  2 quokkas (D:1)
  2 ball pythons (D:1)
  2 bats (D:1)
  3 frilled lizards (D:1)
  3 kobolds
  2 rats (D:1)
24 creatures vanquished.

Notes
Turn   | Place    | Note
-------+----------+-------------------------------------------
     0 | D:1      | AlmostDecent the Demonspawn Fighter began the quest for the
                  | Orb.
     0 | D:1      | Reached XP level 1. HP: 18/18 MP: 1/1
   117 | D:1      | Gained mutation: You sometimes gain a little power by
                  | taking damage. [demonic ancestry]
   117 | D:1      | Reached XP level 2. HP: 17/24 MP: 2/2
  1007 | D:2      | Reached XP level 3. HP: 6/29 MP: 3/3
  1011 | D:2      | Slain by a gnoll

Illustrated notes

Levels and vault maps discovered:
D:1:      minmay_arrival_diagonal_passages, layout_basic, nicolae_eternal_life
D:2:      layout_loops_ring, hellmonk_ecumenical_altar_blasted

Skill      XL: |  1  2 |
---------------+-------+-----
Axes           | 2 3 |  3.0
Fighting       | |  3.4
Armour         | |  2.6
Shields        | |  2.6

Action                     || total
---------------------------++-------
  Melee: War axe           ||    63
    Use: Potion            ||     1
 Armour: Scale mail        ||    29
  Dodge: Dodged            ||    25
  Block: Buckler           ||    19
